cohdb
Replays
Latest Replays
All Replays
Popular Replays
Top Player Replays
Match Explorer
How It Works
Community
CoH3 Stats
Reddit
Sign in to upload your games and track your stats! →
Sign in with Steam
Match 44556815
Unlisted
Match 44556815
Overview
Messages
Build Orders
End
Construct Barracks
Riflemen Squad
M1 Mortar Team
Engineer Squad
Forward Retreat Point
Mechanized Support Center
Construct Medical Station
Construct Tank Depot
M4A1 Sherman Medium Tank
M4A1 Sherman Medium Tank
M4A1 Sherman Medium Tank
M4A1 Sherman Medium Tank
Rapid Repairs
Improvised Armor
M4A1 76mm Conversion
Salvage Crew
M4A1(76) Sherman Medium Tank
Selects Heavy Weapons
Selects Assault Carriers
Selects Halftrack Strongpoints
Selects M26 Pershing Heavy Tank
M26 Pershing Heavy Tank
Engineer Squad
Engineer Squad
M4A1(76) Sherman Medium Tank
M4A1(76) Sherman Medium Tank
Engineer Squad
Engineer Squad
SMASHLOTUP
Serial Chiller
The famous Abacus
Captain COOPER
castflo45
Strategenman
Blood_Zayh
teilmeise
0
0
Comments
sign in to comment!
No comments posted yet!